Map: Waterfall

Players

MattBarry - Winner!

  • Race: Zerg Zerg
  • League: Silver
  • Spawn Location: 1:00

ShinyCrystal

  • Race: Protoss Protoss
  • League: Gold
  • Spawn Location: 7:00

VOD

Have the link to the VOD?

Description

Time

  • Played on: Jan. 20, 2023, 3:47 p.m.
  • Length: 9:04
Show
View Real Time Build Order
Export as new Build Order

MattBarry Zerg - Winner!

Build Orders: Pool First, Zergling Baneling 

Get SALT Encoding   

  12  0:01  Drone  
  13  0:11  Drone  
  14  0:18  Extractor  
  14  0:19  Drone  
  14  0:25  Extractor  
  14  0:26  Drone  
  15  0:38  Spawning Pool  
  14  0:44  Overlord  
  14  0:54  Drone, Extractor  
  15  1:18  Hatchery  
  15  1:22  Drone  
  15  1:25  Zergling x2  
  16  1:38  Queen  
  18  1:46  Metabolic Boost  
  18  1:53  Drone  
  19  1:54  Drone  
  19  1:59  Zergling x2  
  21  2:04  Drone  
  22  2:20  Overlord  
  22  2:29  Queen  
  22  2:32  Evolution Chamber  
  22  2:33  Extractor  
  22  2:35  Drone  
  24  2:38  Drone  
  25  2:48  Drone x3  
  27  3:05  Baneling Nest  
  26  3:11  Drone  
  26  3:12  Drone, Overlord x2  
  28  3:16  Extractor  
  27  3:22  Drone x2  
  29  3:29  Zergling x2  
  30  3:41  Drone  
  30  3:42  Drone x2  
  30  3:43  Zergling x6  
  36  3:49  Queen  
  38  3:58  Drone x2  
  38  3:59  Drone x2  
  42  4:13  Queen  
  44  4:25  Zergling x12  
  44  4:26  Overlord  
  44  4:28  Drone  
  51  4:42  Drone, Overlord  
  52  4:47  Baneling x10  
  52  5:02  Zerg Melee Weapons Level 1, Hatchery  
  52  5:05  Zergling x4  
  52  5:06  Zergling x4  
  45  5:22  Zergling x2  
  45  5:23  Zergling x12  
  45  5:27  Zergling x2  
  45  5:28  Zergling x4  
  54  5:39  Zergling x2  
  50  6:08  Zergling x18  
  57  6:14  Drone x3  
  56  6:37  Roach Warren  
  55  6:40  Drone x4  
  55  6:41  Drone  
  59  6:53  Baneling, Hatchery  
  59  6:54  Baneling x6  
  58  6:55  Zergling x2  
  58  6:56  Zergling x22  
  70  7:04  Drone  
  70  7:06  Lair  
  71  7:09  Zerg Ground Armor Level 1  
  71  7:23  Drone  
  71  7:24  Drone x2, Overlord x2  
  66  7:41  Zergling x2  
  66  7:42  Zergling x22  
  74  8:13  Roach x10  
  87  8:28  Baneling x5  
  87  8:29  Baneling x12  
Show
View Real Time Build Order
Export as new Build Order

ShinyCrystal Protoss 

Build Orders:  

Get SALT Encoding   

  12  0:01  Probe  
  13  0:14  Probe  
  14  0:24  Pylon  
  14  0:34  Probe (Chrono Boost)  
  15  0:46  Probe (Chrono Boost)  
  16  0:51  Gateway  
  16  0:57  Pylon  
  16  1:07  Forge  
  16  1:10  Probe  
  17  1:22  Probe  
  17  1:24  Gateway  
  18  1:33  Pylon  
  18  1:48  Assimilator  
  18  1:53  Assimilator  
  18  2:00  Gateway  
  18  2:09  Pylon  
  18  2:13  Photon Cannon x2  
  18  2:16  Zealot  
  20  2:38  Photon Cannon  
  20  2:45  Photon Cannon  
  20  2:47  Photon Cannon  
  20  3:02  Probe (Chrono Boost)  
  21  3:29  Probe  
  22  3:35  Cybernetics Core  
  22  3:41  Probe  
  23  3:42  Pylon  
  23  3:53  Probe  
  24  3:59  Nexus  
  24  4:11  Cybernetics Core  
  24  4:20  Shield Battery  
  24  4:27  Shield Battery  
  24  4:40  Probe  
  25  4:52  Probe  
  26  5:14  Protoss Ground Weapons Level 1 (Chrono Boost)  
  26  5:15  Probe x2  
  26  5:17  Protoss Air Weapons Level 1  
  26  5:19  Protoss Air Armor Level 1  
  26  5:27  Probe x2  
  28  5:37  Gateway  
  28  6:03  Photon Cannon  
  20  6:17  Stalker  
  20  6:18  Stalker x2  
  22  6:30  Pylon  
  22  6:36  Probe  
  22  6:37  Probe  
  24  6:48  Probe  
  24  6:49  Probe  
  26  7:20  Forge  
  26  7:26  Robotics Facility  
  13  7:59  Zealot x2  
Tags
 
Matchup
PvZ
Opening
Pool First
Replay Pack
Multiplayer
Spawn Locations
Cross Positions
Add a new tag
Caveats
  • Supply blocks, unpowered buildings, or Contaminate may cause inaccurate times.
  • Supply counts are checked every 10 seconds.